 Dungeon Crawl Stone Soup version 0.30-a0-591-g3c58d2bc28 (webtiles) character file.

Game seed: 8340518356842004648

5019 spardeous the Spry (level 10, 0/37 HPs)
             Began as a Felid Earth Elementalist on Jan 6, 2023.
             Was an Initiate of Gozag.
             Hit by a javelin thrown by Urug (15 damage)
             ... on level 2 of the Lair of Beasts.
             The game lasted 00:25:45 (15697 turns).

spardeous the Spry (Felid Earth Elementalist)      Turns: 15697, Time: 00:25:46

Health: 0/37       AC:  6    Str:  3    XL:     10   Next: 30%
Magic:  20/23      EV: 28    Int: 25    God:    Gozag
Gold:   284        SH:  5    Dex: 16    Spells: 1/13 levels left
                                        Lives:  0   Deaths: 3

rFire   . . .      SeeInvis +    (weapon unavailable)
rCold   . . .      Faith    .    (shield unavailable)
rNeg    . . .      Spirit   .    (body armour unavailable)
rPois   .          Reflect  +    (helmet unavailable)
rElec   .          Harm     .    (cloak unavailable)
rCorr   .          Rampage  .    (gloves unavailable)
Will    ++...                    (boots unavailable)
Stlth   ++                       B - amulet of reflection
HPRegen 0.26/turn                L - ring of Xogea {Fly Will+ MP+9 Dex+2}
MPRegen 0.18/turn                u - +4 ring of protection

@: flying, quick
A: very small, claws 1, fangs 3, see invisible, speed 1, shaggy fur 2, stealthy
paws, no weapons or thrown items, no armour, multi-lived, clever 1, clumsy 1,
wild magic 1
a: Renounce Religion, Potion Petition, Call Merchant, Bribe Branch


You were on level 2 of the Lair of Beasts.
You worshipped Gozag.
Gozag was aware of your devotion.
You visited 3 branches of the dungeon, and saw 13 of its levels.
You also visited: Sewer.

You collected 1594 gold pieces.
You spent 585 gold pieces at shops.
You paid 725 gold pieces to Gozag.

Inventory:

Jewellery
 m - a ring of protection from fire
 u - a +4 ring of protection (right paw)
 B - an amulet of reflection (around neck)
 D - a ring of ice
 L - the ring of Xogea (left paw) {Fly Will+ MP+9 Dex+2}
   (You bought it in a shop on level 10 of the Dungeon)

   [ring of flight]

   Dex:       It affects your dexterity (+2).
   MP:        It affects your magic capacity (+9).
   Fly:       It grants you flight.
   Will:      It increases your willpower.
Wands
 p - a wand of mindburst (11)
 E - a wand of paralysis (13)
 F - a wand of flame (7)
 H - a wand of iceblast (8)
 M - a wand of acid (5)
Scrolls
 c - 2 scrolls of noise {unknown}
 k - 4 scrolls of fear {unknown}
 n - a scroll of poison
 o - 4 scrolls of enchant weapon {unknown}
 q - a scroll of immolation {unknown}
 s - 2 scrolls of vulnerability {unknown}
 t - 2 scrolls of blinking {unknown}
 v - a scroll of enchant armour {unknown}
 x - 4 scrolls of teleportation {unknown}
 y - 5 scrolls of fog {unknown}
 A - 2 scrolls of summoning
 C - a scroll of amnesia {unknown}
 K - a scroll of magic mapping
Potions
 a - 3 potions of magic
 b - 4 potions of curing
 d - a potion of degeneration
 e - 7 potions of brilliance {unknown}
 g - 2 potions of cancellation
 h - 6 potions of heal wounds {unknown}
 j - 2 potions of haste {unknown}
 l - 4 potions of flight {unknown}
 r - 5 potions of might {unknown}
 w - a potion of ambrosia
 z - a potion of invisibility
 G - a potion of attraction
 J - a potion of lignification
Miscellaneous
 I - a phantom mirror


   Skills:
 + Level 16.5 Dodging
 - Level 2.6 Stealth
 - Level 2.0 Spellcasting
 - Level 1.1 Transmutations
 + Level 12.1 Earth Magic


You had one spell level left.
You knew the following spells:

 Your Spells              Type           Power      Damage    Failure   Level
a - Sandblast             Erth           100%       2d20      1%          1
b - Stone Arrow           Conj/Erth      84%        3d12      4%          3
c - Petrify               Tmut/Erth      46%        N/A       12%         4
d - Leda's Liquefaction   Hex/Erth       21%        N/A       13%         4

Your spell library contained the following spells:

 Spells                   Type           Power      Damage    Failure   Level
 Apportation              Tloc           6%         N/A       16%         1
 Freeze                   Ice            12%        1d3       16%         1
 Shock                    Conj/Air       12%        1d3       16%         1
 Summon Small Mammal      Summ           12%        N/A       16%         1
 Passwall                 Tmut/Erth      38%        N/A       2%          2
 Wereblood                Tmut           10%        N/A       16%         2
 Ensorcelled Hibernation  Hex/Ice        6%         N/A       24%         2
 Sublimation of Blood     Necr           3%         N/A       24%         2
 Ignite Poison            Fire/Tmut/Pois 5%         N/A       36%         3
 Call Canine Familiar     Summ           3%         N/A       41%         3
 Frozen Ramparts          Ice            6%         1d1       41%         3
 Gell's Gravitas          Tloc           3%         N/A       41%         3
 Hailstorm                Conj/Ice       3%         3d3       41%         3
 Kindle Blastsparks       Fire/Tloc/Air  6%         2d10      41%         3
 Summon Guardian Golem    Hex/Summ       3%         N/A       41%         3
 Swiftness                Air            3%         N/A       41%         3
 Teleport Other           Tloc           3%         N/A       41%         3
 Tukima's Dance           Hex            3%         N/A       41%         3
 Airstrike                Air            1%         2d(1-17)  80%         4
 Passage of Golubria      Tloc           3%         N/A       80%         4
 Iron Shot                Conj/Erth      21%        9d5       86%         6
 Blade Hands              Tmut           5%         N/A       93%         5
 Alistair's Intoxication  Tmut/Pois      4%         N/A       96%         5
 Yara's Violent Unravell  Hex/Tmut       3%         3d4       96%         5
 Freezing Cloud           Conj/Ice/Air   1%         6-21      98%         5
 Dispersal                Tloc           1%         N/A       100%        6
 Summon Hydra             Summ           1%         N/A       100%        7
 Animate Armour           Summ/Erth      Unusable   N/A       N/A         4
 Portal Projectile        Hex/Tloc       Unusable   N/A       N/A         3

Dungeon Overview and Level Annotations

Branches:
Dungeon (10/15)            Temple (1/1) D:7            Lair (2/5) D:10
  Snake (0/4) Lair:2          Orc (0/2) D:9           Sewer (visited)
  Swamp: Lair:2-3    Shoals: Lair:2-3

Altars:
Ashenzari
Cheibriados
Dithmenos
Elyvilon
Fedhas
Gozag
Hepliaklqana
Kikubaaqudgha
Makhleb
Nemelex Xobeh
Okawaru
Qazlal
Ru
Sif Muna
Trog
Uskayaw
Vehumet
Wu Jian
Xom
Yredelemnul
Zin
The Shining One

Shops:
D:10 =

Annotations:
D:5 2 transporters
Lair:2 1 runed translucent door, Urug; bande's ghost, journeyman GrFi


Innate Abilities, Weirdness & Mutations

You have sharp claws.
You have razor-sharp teeth.
You have supernaturally acute eyesight. (SInv)
You cover ground quickly. (Speed+)
You are covered in thick fur. (AC +2)
Your paws help you pounce on unaware monsters.
You are incapable of wielding weapons or throwing items.
You cannot wear armour.
You gain extra lives every three experience levels.
Your mind is acute. (Int +4, Str/Dex -1)
You are clumsy. (Dex -2)
Your spells are a little harder to cast, but a little more powerful.


Message History

The spriggan shouts!
You hear a shout!
You hear an angry growl.
Urug shouts!
Casting: Sandblast (safe; 1% risk of failure)
Confirm with . or Enter, or press ? or * to list all spells.
You can't see any susceptible monsters within range! (Use Z to cast anyway.) Unknown command.
Urug throws a javelin.
The javelin pierces through you!!
Ouch! That really hurt!
Urug throws a javelin.
The javelin completely misses you.
Casting: Sandblast (safe; 1% risk of failure)
Confirm with . or Enter, or press ? or * to list all spells.
Aiming: Sandblast (safe; 1% risk of failure)
Press: ? - help, Shift-Dir - straight line, f/p - Urug
Aim: Urug, wielding a +2 heavy eveningstar, wearing a +0 chain mail and quivering javelins (severely wounded, 84% to hit)
The blast of sand hits Urug but does no damage.
Urug is severely wounded.
Urug throws a javelin.
The javelin misses you.
Casting: Sandblast (safe; 1% risk of failure)
Confirm with . or Enter, or press ? or * to list all spells.
Aiming: Sandblast (safe; 1% risk of failure)
Press: ? - help, Shift-Dir - straight line, f/p - Urug
Aim: Urug, wielding a +2 heavy eveningstar, wearing a +0 chain mail and quivering javelins (severely wounded, 84% to hit)
The blast of sand misses Urug.
Urug throws a javelin.
The javelin completely misses you.
Casting: Sandblast (safe; 1% risk of failure)
Confirm with . or Enter, or press ? or * to list all spells.
Aiming: Sandblast (safe; 1% risk of failure)
Press: ? - help, Shift-Dir - straight line, f/p - Urug
Aim: Urug, wielding a +2 heavy eveningstar, wearing a +0 chain mail and quivering javelins (severely wounded, 84% to hit)
The blast of sand misses Urug.
Casting: Sandblast (safe; 1% risk of failure)
Confirm with . or Enter, or press ? or * to list all spells.
Aiming: Sandblast (safe; 1% risk of failure)
Press: ? - help, Shift-Dir - straight line, f/p - Urug
Aim: Urug, wielding a +2 heavy eveningstar, wearing a +0 chain mail and quivering javelins (severely wounded, 84% to hit)
The blast of sand hits Urug!
Urug is severely wounded.
Urug throws a javelin.
The javelin pierces through you!
You die...
Your body crumbles into a pile of gold.

# ##...# ##..#.#..###.##.........
## #..## #..............l.......
.###..## #......................
~.#...P# #...)..................
~~.#...## #.....#....#...#.......
~~~...#.# #....'<................
~~~~..#####....#.................
P.~~..####.....#.........#.......
..~~...........#@..####.##.......
..~~.P###.#..>....o..............
.~~~.## ###...####...............
~~~...## #...## ##....#...P.....
~~.....# #..## #....#####.....
~....### ##.## #...## #......
...#.# ##..#### ##...# ##.....
...+.#####..#.#.####..## ###.....
......................# #.#.....


You could see Urug.

Vanquished Creatures
  A lindwurm (Lair:2)
  3 black mambas
  4 cane toads
  A rime drake (Lair:1)
  3 komodo dragons
  A hornet (D:9)
  A polar bear (Lair:1)
  2 shadows (D:10)
  A spriggan (Lair:1)
  6 yaks
  A wyvern (Lair:1)
  2 steam dragons
  3 nagas (Lair:2)
  An acid dragon (D:7)
  7 water moccasins
  An ice beast (D:6)
  A sky beast (D:7)
  2 orc warriors
  A black bear (Lair:2)
  7 wolves
  5 centaurs
  An ogre (D:3)
  3 phantoms
  3 kobold brigands
  7 bullfrogs
  2 necrophages
  3 scorpions
  6 killer bees
  4 jellies
  3 howler monkeys (D:10)
  5 hounds
  A gnoll bouda (D:4)
  2 orc priests
  2 iguanas
  4 orc wizards
  6 hell rats
  4 gnolls (D:4)
  12 adders
  A river rat (Sewer)
  A white imp (D:6)
  6 worms
  A dart slug (D:4)
  37 orcs
  14 endoplasms
  2 giant cockroaches
  4 goblins
  6 hobgoblins
  3 jackals (D:1)
  22 kobolds
  8 quokkas
  11 ball pythons
  2 bats
  5 frilled lizards (D:1)
  12 rats
257 creatures vanquished.

Vanquished Creatures (others)
  13 fungi
  24 plants
37 creatures vanquished.

Grand Total: 294 creatures vanquished

Notes
Turn   | Place    | Note
-------+----------+-------------------------------------------
     0 | D:1      | spardeous the Felid Earth Elementalist began the quest for
                  | the Orb.
     0 | D:1      | Reached XP level 1. HP: 7/7 MP: 4/4
    38 | D:1      | Reached skill level 3 in Dodging
   130 | D:1      | Found a faded altar of an unknown god.
   238 | D:1      | Reached XP level 2. HP: 11/11 MP: 3/6
   573 | D:3      | Reached XP level 3. HP: 14/14 MP: 4/7
   675 | D:3      | Reached skill level 4 in Dodging
   838 | D:4      | Noticed a phantom
   911 | D:4      | Killed a phantom
   912 | D:4      | Reached skill level 5 in Dodging
   912 | D:4      | Reached XP level 4. HP: 18/18 MP: 0/8
   982 | D:4      | Reached XP level 5. HP: 17/21 MP: 1/9
  1229 | D:4      | Found a glowing drain.
  1243 | Sewer    | Entered a sewer
  1348 | Sewer    | Succumbed to a kobold brigand's curare-tipped dart
  1349 | Sewer    | Reached XP level 4. HP: -3/18 MP: 5/8
  1356 | Sewer    | Killed a kobold brigand
  1357 | Sewer    | Reached skill level 6 in Dodging
  1357 | Sewer    | Reached XP level 5. HP: 21/21 MP: 7/9
  1904 | Sewer    | Reached skill level 5 in Earth Magic
  2295 | D:4      | Found an ancient bone altar of Kikubaaqudgha.
  2463 | D:4      | Gained mutation: You are covered in thick fur. (AC +2)
                  | [Felid growth]
  2463 | D:4      | Reached XP level 6. HP: 18/24 MP: 4/10
  2640 | D:4      | Reached skill level 7 in Dodging
  2806 | D:5      | Entered Level 5 of the Dungeon
  2939 | D:5      | Found a transporter.
  3043 | D:5      | Reached XP level 7. HP: 27/27 MP: 7/11
  3205 | D:5      | Reached skill level 8 in Dodging
  3515 | D:5      | Found a transporter.
  3798 | D:6      | Reached skill level 9 in Dodging
  3998 | D:6      | Reached XP level 8. HP: 31/31 MP: 8/12
  4823 | D:6      | Reached skill level 10 in Dodging
  5231 | D:3      | Found a glowing golden altar of the Shining One.
  5858 | D:3      | Identified the +5 rapier "Seodof" {venom, rC+ SInv}
  6805 | D:1      | You fall into a shaft and drop 1 floor!
  7555 | D:7      | Found a staircase to the Ecumenical Temple.
  7810 | Temple   | Entered the Ecumenical Temple
  7911 | Temple   | Became a worshipper of Gozag Ym Sagoz the Greedy
  8120 | D:7      | Found a hazy altar of Hepliaklqana.
  8120 | D:7      | Found a snail-covered altar of Cheibriados.
  8169 | D:7      | Found a stormy altar of Qazlal.
  8172 | D:7      | Found a white marble altar of Elyvilon.
  8174 | D:7      | Found a shimmering altar of Xom.
  8183 | D:7      | Killed from afar by an acid dragon
  8184 | D:7      | Reached XP level 7. HP: 0/27 MP: 7/11
  8249 | D:7      | Reached skill level 11 in Dodging
  8279 | D:7      | Found a broken altar of Ashenzari.
  8304 | D:7      | Reached XP level 8. HP: 31/31 MP: 6/12
  8664 | D:8      | Identified the +7 mace of Prudence {freeze, *Slow Str+4}
  8798 | D:8      | Found a shimmering blue altar of Sif Muna.
  9243 | D:9      | Noticed a hornet
  9546 | D:9      | Killed a hornet
  9547 | D:9      | Reached skill level 12 in Dodging
  9884 | D:9      | Reached XP level 9. HP: 34/34 MP: 8/13
 10179 | D:9      | Found a staircase to the Orcish Mines.
 11445 | D:10     | Entered Level 10 of the Dungeon
 11677 | D:10     | Reached skill level 13 in Dodging
 12010 | D:10     | Found a staircase to the Lair.
 12511 | Lair:1   | Entered Level 1 of the Lair of Beasts
 12514 | Lair:1   | Noticed a komodo dragon
 12525 | Lair:1   | Noticed a rime drake
 12558 | Lair:1   | Killed a komodo dragon
 12559 | Lair:1   | Reached skill level 10 in Earth Magic
 12646 | Lair:1   | Noticed a black mamba
 12648 | Lair:1   | Killed a black mamba
 12740 | Lair:1   | Reached skill level 14 in Dodging
 12740 | Lair:1   | Reached XP level 10. HP: 37/37 MP: 12/14
 12830 | Lair:1   | Noticed a cane toad
 12836 | Lair:1   | Killed a cane toad
 12894 | Lair:1   | Noticed a cane toad
 12898 | Lair:1   | Killed a cane toad
 13211 | Lair:1   | Reached skill level 15 in Dodging
 13220 | Lair:1   | Identified the +1 ring mail of Aheroax {rC+ Will+ rCorr
                  | Int-2}
 13426 | Lair:1   | Noticed a cane toad
 13430 | Lair:1   | Killed a cane toad
 13604 | Lair:1   | Learned a level 3 spell: Stone Arrow
 13609 | Lair:1   | Learned a level 4 spell: Petrify
 13614 | Lair:1   | Learned a level 4 spell: Leda's Liquefaction
 13777 | D:10     | Bought the ring of Xogea {Fly Will+ MP+9 Dex+2} for 585
                  | gold pieces
 13864 | Lair:2   | Found a runed translucent door.
 13868 | Lair:2   | Noticed bande's ghost (journeyman GrFi)
 13870 | Lair:2   | Identified the +10 spear "Ututt" {vamp, rElec Str-2 Int+9
                  | SInv}
 13870 | Lair:2   | Noticed a spriggan rider
 13997 | Lair:2   | Found a staircase to the Snake Pit.
 13997 | Lair:2   | Noticed a lindwurm
 14010 | Lair:2   | Killed a lindwurm
 14217 | Lair:2   | Reached XP level 11. HP: 14/40 MP: 15/15
 14375 | Lair:2   | Noticed Urug
 14379 | Lair:2   | Reached skill level 16 in Dodging
 14463 | Lair:1   | Gained mutation: You are weak. (Str -2) [potion of
                  | mutation]
 14463 | Lair:1   | Gained mutation: Your system is resistant to poisons.
                  | (rPois) [potion of mutation]
 14464 | Lair:1   | Lost mutation: Your system is resistant to poisons. (rPois)
                  | [potion of mutation]
 14464 | Lair:1   | Lost mutation: You are weak. (Str -2) [potion of mutation]
 14464 | Lair:1   | Gained mutation: Your spells are a little harder to cast,
                  | but a little more powerful. [potion of mutation]
 14464 | Lair:1   | Gained mutation: You are clumsy. (Dex -2) [potion of
                  | mutation]
 14464 | Lair:1   | Gained mutation: Your mind is acute. (Int +4, Str/Dex -1)
                  | [potion of mutation]
 15591 | Lair:2   | Mangled by Urug
 15592 | Lair:2   | Reached XP level 10. HP: -7/37 MP: 8/23
 15697 | Lair:2   | Hit by a javelin thrown by Urug

Illustrated notes

Levels and vault maps discovered:
D:1:      dpeg_arrival_pits, layout_loops_ring,
          shapermc_ecumenical_altar_starsandcircs, minmay_heptomino_h4
D:2:      layout_loops_corners
D:3:      cheibrodos_thug_alley, layout_loops_cross, lemuel_crystal_altar
D:4:      layout_basic, mainiacjoe_overflow_alcove_4, portal_sewer_entry_f
D:5:      gammafunk_steamed_eel, layout_basic
D:6:      kennysheep_big_flooded_room, layout_loops_ring,
          chequers_serial_rivers_room_a
D:7:      layout_loops_ring, nicolae_overflow_hallway_of_the_gods,
          minmay_temple_entry_nine_rooms
D:8:      layout_loops_ring, overflow_temple_1_default, hangedman_decor_push,
          minmay_misc_feat_chi, abandoned_shop, item_on_display_a
D:9:      layout_basic, hiddenorc1_lemuel
D:10:     layout_irregular_city, lair_entry_dummy
Temple:   nicolae_temple_figure_eight
Lair:1:   layout_misc_corridors, infiniplex_staircase_pool_2
Lair:2:   layout_chaotic_city, guppyfry_snake_entry_island,
          ebering_ghost_funeral_grove, chequers_serial_rivers_room_a,
          grunt_forest_stairs_clearing, uniq_urug

Skill      XL: |  1  2  3  4  5  6  7  8  9 10 11 |
---------------+----------------------------------+-----
Dodging        | 3 5 6 7 11 12 14 15 16 | 16.5
Earth Magic    | 3 4 5 8 9 10 11 12 | 12.1
Stealth        | |  2.6
Spellcasting   | |  2.0
Transmutations | |  1.1

Action                   |  1- 3 |  4- 6 |  7- 9 | 10-12 || total
-------------------------+-------+-------+-------+-------++-------
Melee: Unarmed           |     3 |       |     1 |     1 ||     5
 Cast: Sandblast         |    54 |   119 |   295 |   157 ||   625
       Stone Arrow       |       |       |       |     1 ||     1
       Petrify           |       |       |       |     4 ||     4
Invok: Call Merchant     |       |       |     1 |       ||     1
Evoke: Wand              |       |       |     1 |       ||     1
  Use: Scroll            |       |       |       |     9 ||     9
       Potion            |       |       |       |     3 ||     3
Armor: Skin              |     1 |     1 |     3 |     8 ||    13
Dodge: Dodged            |    21 |    50 |   120 |   101 ||   292
Block: Other             |       |       |    14 |    28 ||    42
       Reflection        |       |       |     1 |     2 ||     3

Table legend: (Time is in decaauts)
 A = Elapsed time spent in this place.
 B = Non-inter-level travel time spent in this place.
 C = Inter-level travel time spent in this place.
 D = Time resting spent in this place.
 E = Time spent auto-exploring this place.
 F = Levels seen in this place.
 G = Mean time per level.
                   A        B        C        D        E       F      G
               +--------+--------+--------+--------+--------+-----+--------+
         Total |  14082 |  12803 |   1279 |   1126 |   8891 |  14 | 1005.9 |
       Dungeon |   9972 |   8806 |   1166 |    611 |   6255 |  10 |  997.2 |
        Temple |    198 |    178 |     20 |      0 |    159 |   1 |  198.0 |
          Lair |   2936 |   2843 |     93 |    447 |   1752 |   2 | 1468.0 |
         Sewer |    975 |    975 |      0 |     68 |    723 |   1 |  975.0 |
               +--------+--------+--------+--------+--------+-----+--------+

Top non-repeatable levels by time:
  Lair:1: 1694 daAuts
     D:9: 1276 daAuts
  Lair:2: 1242 daAuts
     D:7: 1151 daAuts
     D:4: 1114 daAuts
     D:3: 1042 daAuts
     D:5: 1025 daAuts
     D:6: 1020 daAuts
   Sewer: 975 daAuts
    D:10: 939 daAuts
     D:1: 825 daAuts
     D:8: 820 daAuts
     D:2: 758 daAuts
  Temple: 198 daAuts
